Map: Deathaura LE

Players

Lambo

  • Race: Zerg Zerg
  • League: Grandmaster
  • Spawn Location: 5:00

Serral - Winner!

  • Race: Zerg Zerg
  • League: Master
  • Spawn Location: 11:00

Event: DreamHack SC2 Masters 2020 Summer Europe

VOD

Have the link to the VOD?

Description

Time

  • Played on: July 3, 2020, 12:52 p.m.
  • Length: 4:55

All games in this series

Show
View Real Time Build Order
Export as new Build Order

Lambo Zerg 

Build Orders: Hatch First 

Get SALT Encoding   

  12  0:00  Drone  
  13  0:12  Overlord  
  13  0:16  Drone  
  14  0:30  Drone x2  
  16  0:47  Hatchery  
  15  0:50  Drone  
  15  0:54  Drone  
  17  0:58  Drone  
  18  1:08  Extractor  
  17  1:12  Spawning Pool  
  17  1:15  Drone  
  17  1:18  Drone  
  18  1:27  Drone  
  19  1:38  Drone  
  20  1:49  Drone  
  21  1:58  Queen  
  21  1:59  Zergling x2, Queen  
  21  2:00  Overlord  
  26  2:08  Metabolic Boost  
  26  2:10  Drone  
  26  2:11  Drone  
  28  2:21  Drone x2  
  30  2:32  Hatchery  
  30  2:34  Zergling x2  
  30  2:39  Drone  
  30  2:42  Drone  
  32  2:49  Baneling Nest  
  31  2:52  Drone, Overlord  
  32  2:58  Drone  
  32  3:03  Drone  
  32  3:05  Evolution Chamber  
  33  3:09  Drone x3  
  36  3:13  Zergling x4  
  36  3:14  Zergling x2  
  39  3:20  Overlord  
  39  3:22  Drone  
  39  3:24  Drone  
  41  3:30  Drone  
  42  3:36  Drone  
  42  3:38  Drone  
  42  3:39  Drone x2  
  42  3:41  Drone  
  47  3:43  Drone x2  
  47  3:45  Drone  
  50  3:50  Lair  
  50  3:53  Extractor  
  49  3:56  Queen  
  49  3:58  Drone  
  49  4:00  Drone  
  53  4:03  Drone  
  53  4:04  Drone  
  53  4:06  Drone x2  
  53  4:08  Drone  
  57  4:19  Drone  
  57  4:20  Overlord  
  57  4:22  Extractor  
  57  4:23  Extractor  
  56  4:24  Drone  
  56  4:25  Drone  
  56  4:28  Overlord  
  56  4:31  Overlord  
  58  4:39  Drone x6  
  63  4:47  Extractor  
  63  4:48  Extractor  
Show
View Real Time Build Order
Export as new Build Order

Serral Zerg - Winner!

Build Orders: Hatch First 

Get SALT Encoding   

  12  0:00  Drone  
  13  0:12  Overlord  
  13  0:16  Drone  
  14  0:30  Drone x2  
  16  0:47  Hatchery  
  15  0:50  Drone  
  15  0:54  Drone  
  17  0:58  Drone  
  18  1:08  Extractor  
  17  1:12  Spawning Pool  
  17  1:15  Drone  
  17  1:19  Drone  
  18  1:27  Drone  
  19  1:38  Drone  
  20  1:48  Drone  
  21  1:59  Overlord, Queen  
  21  2:00  Zergling x2, Queen  
  26  2:07  Metabolic Boost  
  26  2:10  Drone x2  
  28  2:21  Drone x2  
  30  2:32  Hatchery  
  30  2:35  Zergling x2  
  30  2:37  Drone  
  30  2:42  Drone  
  32  2:45  Baneling Nest  
  32  2:49  Overlord  
  31  2:53  Drone  
  31  2:56  Drone  
  34  3:05  Zergling x2  
  34  3:08  Drone x5  
  34  3:11  Drone  
  40  3:14  Overlord  
  40  3:18  Zergling x2  
  40  3:19  Zergling x2  
  42  3:23  Evolution Chamber  
  41  3:35  Roach Warren, Drone x2, Extractor  
  41  3:37  Baneling  
  41  3:38  Drone  
  42  3:42  Drone x3  
  42  3:48  Drone x2  
  47  3:52  Drone  
  48  3:55  Overlord  
  48  3:58  Overlord  
  48  4:02  Overlord  
  48  4:05  Drone  
  49  4:16  Roach x4  
  57  4:20  Roach x3  
  67  4:24  Roach x2  
  67  4:28  Roach x2  
  71  4:33  Roach x2  
  71  4:35  Overlord  
Tags
 
Add a new tag
Caveats
  • Supply blocks, unpowered buildings, or Contaminate may cause inaccurate times.
  • Supply counts are checked every 10 seconds.